woodfighter, chaotic female human Barbarian ---- |..-- |...| --@-- --h- .. |... --.%.|---- |.%..--.<- |.......... |......^.. --.| woodfighter the Pillager Experience level: 5 Strength: 18 Dexterity: 18 Constitution: 18 Intelligence: 7 Wisdom: 7 Charisma: 6 Health: 0(60) Energy: 10(10) Def: 0 Gold: 564 Moves: 1985 Dungeon seed: 1icxtWxizT1s89D4 Game ID: woodfighter_1445681938 Your Inventory: Coins $ - 564 gold pieces Weapons a - a rusty +0 battle-axe b - a +0 short sword x - a +0 dagger Armor y - an uncursed +0 dwarvish cloak z - an uncursed +0 pair of iron shoes B - an uncursed +0 pair of iron shoes L - an uncursed +0 dwarvish cloak M - a blessed +3 pair of iron shoes N - a blessed +0 dwarvish cloak Y - an uncursed +0 dwarvish iron helm Comestibles c - an uncursed food ration O - an uncursed lembas wafer Scrolls k - 2 uncursed scrolls of light J - 2 uncursed scrolls of blank paper Tools g - an uncursed blindfold A - an uncursed oil lamp (lit) (0:1311) F - an uncursed tallow candle (0:200) G - 4 uncursed wax candles (0:400) Gems n - 2 uncursed worthless pieces of red glass q - 3 uncursed worthless pieces of white glass r - an uncursed worthless piece of black glass E - an uncursed flint stone H - an uncursed worthless piece of yellow glass I - an uncursed citrine stone Spells and supernatural/magical abilities: Name Level Category Fail Memory W - pray for help -- divine ? -- Your skills at the end: Miscellaneous Skills bare handed combat [Basic] Weapon Skills axe [Basic] short sword [Basic] Spellcasting Skills Final Attributes: You were devoutly aligned. You were poison resistant. You are dead (2nd time!). Vanquished creatures: a small mimic a gnome king a baby crocodile a rock piercer 2 gnome lords a guardian naga hatchling a gray ooze a paper golem a little dog 4 dwarves a dwarf zombie a coyote a hobbit a gecko 12 gnomes a gnome zombie 4 jackals 3 foxes a kobold 4 newts 2 goblins 3 sewer rats 3 grid bugs a bat 2 lichens a kobold zombie 55 creatures vanquished. Voluntary challenges: You were an atheist. You used a wielded weapon 52 times, starting on turn 58. You did not apply a unicorn horn. You read items or engraved 4 times, starting on turn 1923. You never genocided any monsters. You never polymorphed an object. You never changed form. You used no wishes. You never split a pudding. You never wrote Elbereth's name. You violated your moral code, losing 3 points of alignment, starting on turn 373. Dungeon overview: The Dungeons of Doom: levels 1 to 3 Level 1 a fountain a long staircase Level 2 a general store, a fountain stairs to The Gnomish Mines Level 3 The Gnomish Mines: levels 3 to 4 Level 3 stairs to The Dungeons of Doom Level 4 <- You were here History has recorded: On T:1 you entered the Dungeons of Doom to retrieve the Amulet of Yendor! On T:220 you advanced to experience level 2. On T:306 you reached level 2 of The Dungeons of Doom. On T:480 you reached level 3 of The Dungeons of Doom. On T:516 you reached level 1 of The Gnomish Mines. On T:1079 you advanced to experience level 3. On T:1207 you advanced to experience level 4. On T:1253 you reached level 2 of The Gnomish Mines. On T:1366 you advanced to experience level 5. On T:1966 you were saved from death by your amulet of life saving! Score breakdown: Gold: 564 ( 56 points) Experience: 5 levels ( 400 points) Exploration: 4 levels ( 90 points) Discoveries: 12 items ( 600 points) Variety of kills: 26 monsters ( 1300 points) Major goal: (nothing yet) ( 0 points) Survival: died (score multiplied by 3) Total score: 7338 Latest messages: Y - a dwarvish iron helm. B - a pair of iron shoes. z - a pair of iron shoes. M - a pair of iron shoes. There is a boulder here, but you cannot lift any more. A dagger hits the ceiling, then falls back on top of your head. A dagger hits the floor. The dwarf swings her dwarvish mattock. The dwarf hits you! You die... Final status: Goodbye woodfighter the Barbarian, killed by a dwarf... You died in The Gnomish Mines on dungeon level 4 with 7338 points, and 564 pieces of gold, after 1985 moves. You were level 5 with a maximum of 60 hit points when you died.